AAA EAST
COLUMBUS CLIPPERS @ JACKSONVILLE JUMBO SHRIMP
08/03/2041
 
TOP OF THE 1ST
Columbus Clippers batting - Pitching for Jacksonville Jumbo Shrimp : RHP Carlos Pickford
Pitching: RHP Carlos Pickford
Batting: RHB Ken Ladd 0-0: Ball
1-0: Called Strike
1-1: Foul Ball, location: 3F
1-2: SINGLE (Line Drive, 7S, EV 100.0 MPH)
Batting: LHB Jerry Wilson 0-0: Ball
1-0: Ball
2-0: Called Strike
2-1: Ball
3-1: Called Strike
Ken Ladd steals 2nd base
3-2: Fly out, F4 (Line Drive, 4, EV 71.9 MPH)
Lined into DP, 4-6 (Line Drive, 4, EV 71.9 MPH)
Batting: LHB José Fontanez 0-0: Ball
1-0: Fly out, F7 (Flyball, 7, EV 92.5 MPH)
Top of the 1st over - 0 runs, 1 hit, 0 errors, 0 left on base; Columbus 0 - Jacksonville 0
BOTTOM OF THE 1ST
Jacksonville Jumbo Shrimp batting - Pitching for Columbus Clippers : LHP José Valdés
Pitching: LHP José Valdés
Batting: LHB Juan Novoa 0-0: Ball
1-0: Ball
2-0: Called Strike
2-1: Ball
3-1: Foul Ball, location: 2F
3-2: Strikes out swinging
Batting: LHB Jerry López 0-0: Ground out U3 (Groundball, 3L, EV 110.6 MPH)
Batting: RHB Sean Davidson 0-0: Called Strike
0-1: Ball
1-1: Ball
2-1: SINGLE (Line Drive, 4MD, EV 102.5 MPH)
Batting: RHB Jorge Pérez 0-0: Called Strike
0-1: Ball
1-1: Fly out, F8 (Flyball, 8RD, EV 105.0 MPH)
Bottom of the 1st over - 0 runs, 1 hit, 0 errors, 1 left on base; Columbus 0 - Jacksonville 0
TOP OF THE 2ND
Columbus Clippers batting - Pitching for Jacksonville Jumbo Shrimp : RHP Carlos Pickford
Batting: LHB Greg Curry 0-0: Ground out U3 (Groundball, 3, EV 86.9 MPH)
Batting: RHB Tony Ávila 0-0: Called Strike
0-1: Hit by Pitch
Batting: RHB José Espinoza 0-0: Ball
1-0: Called Strike
1-1: Ball
2-1: Swinging Strike
2-2: Strikes out swinging
Batting: RHB Arturo Díaz 0-0: Single, Error in OF, E7, batter to second base (Groundball, 56D, EV 97.5 MPH)
Tony Ávila to third
Batting: RHB Ezequiel Alfaro 0-0: Ball
Wild Pitch!
Tony Ávila scores
Arturo Díaz to third
1-0: Ball
2-0: Called Strike
2-1: Called Strike
2-2: Strikes out swinging
Top of the 2nd over - 1 run, 1 hit, 1 error, 1 left on base; Columbus 1 - Jacksonville 0
BOTTOM OF THE 2ND
Jacksonville Jumbo Shrimp batting - Pitching for Columbus Clippers : LHP José Valdés
Batting: LHB Danny King 0-0: Hit by Pitch
Batting: RHB Kel Mearns 0-0: Called Strike
0-1: Ball
1-1: Foul Ball, location: 2F
1-2: Strikes out looking
Batting: RHB Cristóbal Martínez 0-0: Foul Ball, location: 2F
0-1: SINGLE (Groundball, 4MD, EV 100.6 MPH)
Danny King to second
Batting: RHB Sam Ellis 0-0: Ball
1-0: Called Strike
1-1: SINGLE (Line Drive, 4M, EV 95.6 MPH)
Danny King to third
Cristóbal Martínez to second
Batting: RHB Jim Unknown 0-0: Called Strike
0-1: Called Strike
0-2: Grounds into double play, 6-4-3 (Groundball, 56D, EV 88.1 MPH)
Bottom of the 2nd over - 0 runs, 2 hits, 0 errors, 2 left on base; Columbus 1 - Jacksonville 0
TOP OF THE 3RD
Columbus Clippers batting - Pitching for Jacksonville Jumbo Shrimp : RHP Carlos Pickford
Batting: RHB Bob Meegan 0-0: Ground out 6-3 (Groundball, 6, EV 79.4 MPH)
Batting: RHB Ken Ladd 0-0: Called Strike
0-1: Swinging Strike
0-2: Strikes out swinging
Batting: LHB Jerry Wilson 0-0: Ball
1-0: Foul Ball, location: 3F
1-1: Ball
2-1: Ball
3-1: Fly out, F9 (Flyball, 9S, EV 93.1 MPH)
Top of the 3rd over - 0 runs, 0 hits, 0 errors, 0 left on base; Columbus 1 - Jacksonville 0
BOTTOM OF THE 3RD
Jacksonville Jumbo Shrimp batting - Pitching for Columbus Clippers : LHP José Valdés
Batting: LHB Juan Novoa 0-0: Ball
1-0: Ball
2-0: Ball
3-0: Called Strike
3-1: Base on Balls
Batting: LHB Jerry López 0-0: Bunted foul
0-1: Ball
1-1: Sac Bunt to P - play at first, batter OUT! 1-3
Juan Novoa to second
Batting: RHB Sean Davidson 0-0: Ball
1-0: Ball
2-0: DOUBLE (Flyball, 8LXD, EV 103.1 MPH)
Juan Novoa scores
Batting: RHB Jorge Pérez 0-0: Foul Ball, location: 2LF
0-1: Fly out, F7 (Flyball, 7LM, EV 98.8 MPH)
Batting: LHB Danny King 0-0: Ball
1-0: Ball
2-0: Swinging Strike
2-1: Swinging Strike
2-2: DOUBLE (Line Drive, 9LS, EV 91.9 MPH)
Sean Davidson scores
Batting: RHB Kel Mearns 0-0: Ball
1-0: Ball
2-0: Foul Ball, location: 2LF
2-1: Ground out 4-3 (Groundball, 4, EV 85.0 MPH)
Bottom of the 3rd over - 2 runs, 2 hits, 0 errors, 1 left on base; Columbus 1 - Jacksonville 2
TOP OF THE 4TH
Columbus Clippers batting - Pitching for Jacksonville Jumbo Shrimp : RHP Carlos Pickford
Batting: LHB José Fontanez 0-0: Swinging Strike
0-1: Called Strike
0-2: Strikes out swinging
Batting: LHB Greg Curry 0-0: Foul Ball, location: 2F
0-1: Foul Ball, location: 7LMF
0-2: Strikes out looking
Batting: RHB Tony Ávila 0-0: Ground out 6-3 (Groundball, 6, EV 110.6 MPH)
Top of the 4th over - 0 runs, 0 hits, 0 errors, 0 left on base; Columbus 1 - Jacksonville 2
BOTTOM OF THE 4TH
Jacksonville Jumbo Shrimp batting - Pitching for Columbus Clippers : LHP José Valdés
Batting: RHB Cristóbal Martínez 0-0: Ball
1-0: Called Strike
1-1: Called Strike
1-2: Foul Ball, location: 2F
1-2: Ground out U3 (Groundball, 3, EV 91.9 MPH)
Batting: RHB Sam Ellis 0-0: Called Strike
0-1: Ground out 4-3 (Groundball, 4, EV 103.8 MPH)
Batting: RHB Jim Unknown 0-0: Swinging Strike
0-1: Fly out, F4 (Popup, 4M, EV 57.5 MPH)
Bottom of the 4th over - 0 runs, 0 hits, 0 errors, 0 left on base; Columbus 1 - Jacksonville 2
TOP OF THE 5TH
Columbus Clippers batting - Pitching for Jacksonville Jumbo Shrimp : RHP Carlos Pickford
Batting: RHB José Espinoza 0-0: Foul Ball, location: 9LMF
0-1: SINGLE (Groundball, 6M, EV 86.3 MPH)
Batting: RHB Arturo Díaz 0-0: Bunted foul
0-1: Bunt missed!
0-2: Foul Ball, location: 25F
0-2: Ball
1-2: Foul Ball, location: 3FF
1-2: SINGLE (Groundball, 6MD, EV 103.1 MPH)
José Espinoza to second
Batting: RHB Ezequiel Alfaro 0-0: Fly out, F8 (Line Drive, 8LM, EV 92.5 MPH)
Batting: RHB Bob Meegan 0-0: Called Strike
0-1: Ball
1-1: Called Strike
1-2: Ball
2-2: Ball
3-2: Foul Ball, location: 2F
3-2: Base on Balls
José Espinoza to third
Arturo Díaz to second
Batting: RHB Ken Ladd 0-0: Ball
1-0: Called Strike
1-1: Ball
2-1: Called Strike
2-2: Fly out, F7 (Line Drive, 78M, EV 101.3 MPH)
Batting: LHB Jerry Wilson 0-0: DOUBLE (Line Drive, 7LM, EV 101.3 MPH)
José Espinoza scores
Arturo Díaz scores
Bob Meegan to third
Batting: LHB José Fontanez 0-0: Ball
1-0: Ball
2-0: Foul Ball, location: 2F
2-1: Foul Ball, location: 2RF
2-2: Foul Ball, location: 7LSF
2-2: Strikes out swinging
Top of the 5th over - 2 runs, 3 hits, 0 errors, 2 left on base; Columbus 3 - Jacksonville 2
BOTTOM OF THE 5TH
Jacksonville Jumbo Shrimp batting - Pitching for Columbus Clippers : LHP José Valdés
Batting: LHB Juan Novoa 0-0: Ball
1-0: Called Strike
1-1: Ball
2-1: Ball
3-1: Swinging Strike
3-2: Ground out 5-3 (Groundball, 5, EV 88.1 MPH)
Batting: LHB Jerry López 0-0: Called Strike
0-1: Foul Ball, location: 2F
0-2: Ball
1-2: Ball
2-2: Ball
3-2: SINGLE (Line Drive, 4M, EV 97.5 MPH)
Batting: RHB Sean Davidson 0-0: Ball
1-0: Ball
2-0: Ball
3-0: Called Strike
3-1: Base on Balls
Jerry López to second
Batting: RHB Jorge Pérez 0-0: Ball
1-0: Called Strike
1-1: Fly out, F9 (Flyball, 9LD, EV 90.6 MPH)
Batting: LHB Danny King 0-0: Foul Ball, location: 2F
0-1: SINGLE (Groundball, 34D, EV 100.6 MPH)
Jerry López to third
Sean Davidson to second
Runner from 3rd tries for Home, SAFE, throw by RF to home
Batting: RHB Kel Mearns 0-0: Ball
1-0: Fly out, F8 (Flyball, 8RXD, EV 103.1 MPH)
Bottom of the 5th over - 1 run, 2 hits, 0 errors, 2 left on base; Columbus 3 - Jacksonville 3
TOP OF THE 6TH
Columbus Clippers batting - Pitching for Jacksonville Jumbo Shrimp : RHP Carlos Pickford
Batting: LHB Greg Curry 0-0: Ball
1-0: Called Strike
1-1: Called Strike
1-2: Foul Ball, location: 9LMF
1-2: SINGLE (Groundball, 34D, EV 100.6 MPH)
Batting: RHB Tony Ávila 0-0: Ball
1-0: SINGLE (Groundball, 4MD, EV 105.0 MPH)
Greg Curry to second
Batting: RHB José Espinoza 0-0: Foul Ball, location: 2F
0-1: Sac Bunt to 25 - play at first, batter OUT! 5-3
Greg Curry to third
Tony Ávila to second
Batting: RHB Arturo Díaz 0-0: Ball
1-0: Called Strike
1-1: Foul Ball, location: 3SF
1-2: Ball
2-2: Ball
3-2: Base on Balls
Batting: RHB Ezequiel Alfaro 0-0: Ball
1-0: Grounds into double play, 4-2-3 (Groundball, 4, EV 84.4 MPH)
Top of the 6th over - 0 runs, 2 hits, 0 errors, 2 left on base; Columbus 3 - Jacksonville 3
BOTTOM OF THE 6TH
Jacksonville Jumbo Shrimp batting - Pitching for Columbus Clippers : LHP José Valdés
Batting: RHB Cristóbal Martínez 0-0: Ground out 5-3 (Groundball, 56S, EV 86.9 MPH)
Batting: RHB Sam Ellis 0-0: Called Strike
0-1: Foul Ball, location: 5SF
0-2: Ball
1-2: Foul Ball, location: 23F
1-2: Ball
2-2: Foul Ball, location: 2F
2-2: Ground out 4-3 (Groundball, 4, EV 104.4 MPH)
Batting: RHB Jim Unknown 0-0: Called Strike
0-1: Ball
1-1: Ground out 6-3 (Groundball, P, EV 85.0 MPH)
Bottom of the 6th over - 0 runs, 0 hits, 0 errors, 0 left on base; Columbus 3 - Jacksonville 3
TOP OF THE 7TH
Columbus Clippers batting - Pitching for Jacksonville Jumbo Shrimp : RHP Carlos Pickford
Batting: RHB Bob Meegan 0-0: Ball
1-0: Ball
2-0: Called Strike
2-1: Foul Ball, location: 25F
2-2: Foul Ball, location: 3FF
2-2: Strikes out swinging
Batting: RHB Ken Ladd 0-0: Ball
1-0: Ball
2-0: SINGLE (Line Drive, 9S, EV 97.5 MPH)
Batting: LHB Jerry Wilson 0-0: Ball
1-0: Fielders Choice at 2nd, 4-6 (Groundball, 4M, EV 103.1 MPH)
Batting: LHB José Fontanez 0-0: Ball
1-0: Ball
Jerry Wilson steals 2nd base
2-0: Ball
3-0: Called Strike
3-1: Swinging Strike
3-2: Fly out, F9 (Flyball, 9LS, EV 78.8 MPH)
Top of the 7th over - 0 runs, 1 hit, 0 errors, 1 left on base; Columbus 3 - Jacksonville 3
BOTTOM OF THE 7TH
Jacksonville Jumbo Shrimp batting - Pitching for Columbus Clippers : LHP José Valdés
Batting: LHB Juan Novoa 0-0: Ball
1-0: Called Strike
1-1: Swinging Strike
1-2: Foul Ball, location: 3SF
1-2: Fly out, F7 (Flyball, 7D, EV 106.3 MPH)
Batting: LHB Jerry López 0-0: Ball
1-0: Called Strike
1-1: Called Strike
1-2: Ball
2-2: Foul Ball, location: 3FF
2-2: Strikes out swinging
Batting: RHB Sean Davidson 0-0: Swinging Strike
0-1: Ground out 4-3 (Groundball, 4, EV 88.1 MPH)
Bottom of the 7th over - 0 runs, 0 hits, 0 errors, 0 left on base; Columbus 3 - Jacksonville 3
TOP OF THE 8TH
Columbus Clippers batting - Pitching for Jacksonville Jumbo Shrimp : RHP Carlos Pickford
Batting: LHB Greg Curry 0-0: Ball
1-0: Ball
2-0: Foul Ball, location: 2F
2-1: Called Strike
2-2: Foul Ball, location: 2F
2-2: Ball
3-2: Ground out U3 (Groundball, 34, EV 86.9 MPH)
Pitching: RHP Edgar Méndez
Pinch Hitting: LHB Mike Hatfield 0-0: Called Strike
0-1: Swinging Strike
0-2: Strikes out swinging
Batting: RHB José Espinoza 0-0: Ball
1-0: Swinging Strike
1-1: Fly out, F3 (Line Drive, 3, EV 61.9 MPH)
Top of the 8th over - 0 runs, 0 hits, 0 errors, 0 left on base; Columbus 3 - Jacksonville 3
BOTTOM OF THE 8TH
Jacksonville Jumbo Shrimp batting - Pitching for Columbus Clippers : LHP José Valdés
Pitching: LHP Chris Lowe
Now in CF: Oliver Pérez
Batting: RHB Jorge Pérez 0-0: Ball
1-0: Called Strike
1-1: Foul Ball, location: 2F
1-2: Strikes out swinging
Batting: LHB Danny King 0-0: Called Strike
0-1: Ball
1-1: Foul Ball, location: 2F
1-2: Foul Ball, location: 25F
1-2: Ball
2-2: Foul Ball, location: 2F
2-2: SINGLE (Line Drive, 34, EV 95.6 MPH)
Batting: RHB Kel Mearns 0-0: Ball
1-0: Ball
2-0: Called Strike
2-1: Fly out, F9 (Line Drive, 9S, EV 100.6 MPH)
Batting: RHB Cristóbal Martínez 0-0: Called Strike
0-1: Foul Ball, location: 9LDF
0-2: Ground out 4-3 (Groundball, 4S, EV 82.5 MPH)
Bottom of the 8th over - 0 runs, 1 hit, 0 errors, 1 left on base; Columbus 3 - Jacksonville 3
TOP OF THE 9TH
Columbus Clippers batting - Pitching for Jacksonville Jumbo Shrimp : RHP Edgar Méndez
Batting: RHB Arturo Díaz 0-0: Called Strike
0-1: Ground out U3 (Groundball, 3L, EV 81.3 MPH)
Pinch Hitting: LHB Wally Sims 0-0: Foul Ball, location: 7LDF
0-1: Ball
1-1: Ball
2-1: Foul Ball, location: 3FF
2-2: Fly out, F9 (Line Drive, 9, EV 86.3 MPH)
Pinch Hitting: LHB Jonathon Jones 0-0: Called Strike
0-1: Foul Ball, location: 2F
0-2: Ball
1-2: Strikes out swinging
Top of the 9th over - 0 runs, 0 hits, 0 errors, 0 left on base; Columbus 3 - Jacksonville 3
BOTTOM OF THE 9TH
Jacksonville Jumbo Shrimp batting - Pitching for Columbus Clippers : LHP Chris Lowe
Now at C: Wally Sims
Now at 2B: Leith Corkum
Batting: RHB Sam Ellis 0-0: Called Strike
0-1: Foul Ball, location: 2F
0-2: Ball
1-2: Strikes out swinging
Batting: RHB Jim Unknown 0-0: Ball
1-0: Swinging Strike
1-1: SINGLE (Groundball, 6MD, EV 100.0 MPH)
Pinch Hitting: RHB Danny Crowley 0-0: Sac Bunt to 2R - play at first, batter OUT! 2-4
Jim Unknown to second
Batting: LHB Jerry López 0-0: Called Strike
0-1: Foul Ball, location: 23F
0-2: Foul Ball, location: 2F
0-2: Ball
1-2: Strikes out swinging
Bottom of the 9th over - 0 runs, 1 hit, 0 errors, 1 left on base; Columbus 3 - Jacksonville 3
TOP OF THE 10TH
Columbus Clippers batting - Pitching for Jacksonville Jumbo Shrimp : RHP Edgar Méndez
Pitching: RHP Dan Morrow
Now in CF: Augusto García
Batting: RHB Ken Ladd 0-0: Called Strike
0-1: Ball
1-1: Foul Ball, location: 2F
1-2: Strikes out looking
Batting: LHB Jerry Wilson 0-0: Ball
1-0: Ball
2-0: Called Strike
2-1: Called Strike
2-2: Ball
3-2: Ground out 4-3 (Groundball, 34D, EV 111.3 MPH)
Batting: LHB José Fontanez 0-0: Fly out, F4 (Line Drive, 4M, EV 69.4 MPH)
Top of the 10th over - 0 runs, 0 hits, 0 errors, 0 left on base; Columbus 3 - Jacksonville 3
BOTTOM OF THE 10TH
Jacksonville Jumbo Shrimp batting - Pitching for Columbus Clippers : LHP Chris Lowe
Pitching: LHP Steve Hilliard
Batting: RHB Sean Davidson 0-0: Ball
1-0: Foul Ball, location: 2F
1-1: DOUBLE (Groundball, 5L, EV 109.4 MPH)
Batting: RHB Jorge Pérez 0-0: Fly out, F6 (Popup, 6M, EV 70.6 MPH)
Batting: LHB Danny King 0-0: SINGLE (Groundball, P, EV 76.9 MPH) (infield hit)
Sean Davidson to third
Batting: RHB Kel Mearns 0-0: Fly out, F7 (Line Drive, 7LS, EV 93.1 MPH)
Batting: RHB Cristóbal Martínez 0-0: Called Strike
0-1: Ball
1-1: Ball
2-1: Ball
3-1: Base on Balls
Danny King to second
Batting: RHB Sam Ellis 0-0: Called Strike
0-1: Ball
1-1: Ball
2-1: Foul Ball, location: 9LSF
2-2: Ball
3-2: Ground out U3 (Groundball, 3, EV 97.5 MPH)
Bottom of the 10th over - 0 runs, 2 hits, 0 errors, 3 left on base; Columbus 3 - Jacksonville 3
TOP OF THE 11TH
Columbus Clippers batting - Pitching for Jacksonville Jumbo Shrimp : RHP Dan Morrow
Batting: LHB Greg Curry 0-0: Called Strike
0-1: Fly out, F8 (Flyball, 78D, EV 101.9 MPH)
Batting: RHB Oliver Pérez 0-0: Called Strike
0-1: Foul Ball, location: 2F
0-2: Ball
1-2: Ball
2-2: Ball
3-2: Base on Balls
Batting: RHB José Espinoza 0-0: Called Strike
0-1: Ball
1-1: Sac Bunt to 15S - play at first, batter OUT! 1-3
Oliver Pérez to second
Batting: RHB Arturo Díaz 0-0: Ground out 6-3 (Groundball, 6, EV 86.9 MPH)
Top of the 11th over - 0 runs, 0 hits, 0 errors, 1 left on base; Columbus 3 - Jacksonville 3
BOTTOM OF THE 11TH
Jacksonville Jumbo Shrimp batting - Pitching for Columbus Clippers : LHP Steve Hilliard
Pitching: RHP Randy Abdul-Quddus
Batting: RHB Jim Unknown 0-0: Ball
1-0: Foul Ball, location: 3F
1-1: Swinging Strike
1-2: Strikes out looking
Batting: LHB Augusto García 0-0: Ball
1-0: Ball
2-0: Called Strike
2-1: Called Strike
2-2: Strikes out swinging
Batting: LHB Jerry López 0-0: Fly out, F7 (Flyball, 7D, EV 80.6 MPH)
Bottom of the 11th over - 0 runs, 0 hits, 0 errors, 0 left on base; Columbus 3 - Jacksonville 3
TOP OF THE 12TH
Columbus Clippers batting - Pitching for Jacksonville Jumbo Shrimp : RHP Dan Morrow
Batting: LHB Wally Sims 0-0: Ground out U3 (Groundball, 3, EV 100.6 MPH)
Batting: RHB Leith Corkum 0-0: Called Strike
0-1: Foul Ball, location: 3F
0-2: Foul Ball, location: 5F
0-2: Strikes out swinging
Batting: RHB Ken Ladd 0-0: Ball
1-0: Swinging Strike
1-1: Ball
2-1: Foul Ball, location: 23F
2-2: SINGLE (Line Drive, 78S, EV 91.3 MPH)
Batting: LHB Jerry Wilson 0-0: Ball
1-0: Fly out, F4 (Popup, 4S, EV 81.3 MPH)
Top of the 12th over - 0 runs, 1 hit, 0 errors, 1 left on base; Columbus 3 - Jacksonville 3
BOTTOM OF THE 12TH
Jacksonville Jumbo Shrimp batting - Pitching for Columbus Clippers : RHP Randy Abdul-Quddus
Batting: RHB Sean Davidson 0-0: Called Strike
0-1: Foul Ball, location: 2F
0-2: Foul Ball, location: 9LDF
0-2: Ball
1-2: Strikes out swinging
Batting: LHB Roger Lenoir 0-0: Ball
1-0: Foul Ball, location: 7LDF
1-1: Ground out 4-3 (Groundball, 4, EV 94.4 MPH)
Batting: LHB Danny King 0-0: Ball
1-0: Ball
2-0: Ball
3-0: Base on Balls
Batting: RHB Kel Mearns 0-0: Ball
1-0: Ball
2-0: Foul Ball, location: 3FF
2-1: Ground out 4-3 (Groundball, 13, EV 93.8 MPH)
Bottom of the 12th over - 0 runs, 0 hits, 0 errors, 1 left on base; Columbus 3 - Jacksonville 3
TOP OF THE 13TH
Columbus Clippers batting - Pitching for Jacksonville Jumbo Shrimp : RHP Dan Morrow
Batting: LHB José Fontanez 0-0: Called Strike
0-1: Ball
1-1: Foul Ball, location: 2F
1-2: Ball
2-2: Foul Ball, location: 2F
2-2: Fly out, F8 (Flyball, 8RD, EV 92.5 MPH)
Batting: LHB Greg Curry 0-0: Ball
1-0: Ball
2-0: Ball
3-0: Called Strike
3-1: Base on Balls
Batting: RHB Oliver Pérez 0-0: Ball
1-0: Called Strike
1-1: Fly out, F6 (Line Drive, 6, EV 70.0 MPH)
Pitching: RHP Ken Thomas
Batting: RHB José Espinoza 0-0: Ball
1-0: Fielders Choice at 2nd, 5-4 (Groundball, 56, EV 84.4 MPH)
Top of the 13th over - 0 runs, 0 hits, 0 errors, 1 left on base; Columbus 3 - Jacksonville 3
BOTTOM OF THE 13TH
Jacksonville Jumbo Shrimp batting - Pitching for Columbus Clippers : RHP Randy Abdul-Quddus
Batting: RHB Cristóbal Martínez 0-0: Called Strike
0-1: Ball
1-1: Fly out, F4 (Popup, 4MD, EV 61.9 MPH)
Batting: RHB Sam Ellis 0-0: Ball
1-0: Ball
2-0: Fly out, F7 (Line Drive, 7S, EV 86.3 MPH)
Batting: RHB Jim Unknown 0-0: Ball
1-0: SINGLE (Line Drive, 89S, EV 107.5 MPH)
Batting: LHB Augusto García 0-0: Foul Ball, location: 25F
0-1: Ball
1-1: Ball
2-1: Ball
3-1: Base on Balls
Jim Unknown to second
Batting: LHB Jerry López 0-0: Called Strike
0-1: Swinging Strike
0-2: Hit by Pitch
Jim Unknown to third
Augusto García to second
Batting: RHB Sean Davidson 0-0: Swinging Strike
0-1: Swinging Strike
0-2: Ball
1-2: Ball
2-2: Ball
3-2: Strikes out swinging
Bottom of the 13th over - 0 runs, 1 hit, 0 errors, 3 left on base; Columbus 3 - Jacksonville 3
TOP OF THE 14TH
Columbus Clippers batting - Pitching for Jacksonville Jumbo Shrimp : RHP Ken Thomas
Batting: RHB Arturo Díaz 0-0: Fly out, F4 (Line Drive, 4M, EV 72.5 MPH)
Batting: LHB Wally Sims 0-0: Ball
1-0: Fly out, F9 (Flyball, 9D, EV 111.3 MPH)
Batting: RHB Leith Corkum 0-0: Ball
1-0: Ground out 6-3 (Groundball, P, EV 76.9 MPH)
Top of the 14th over - 0 runs, 0 hits, 0 errors, 0 left on base; Columbus 3 - Jacksonville 3
BOTTOM OF THE 14TH
Jacksonville Jumbo Shrimp batting - Pitching for Columbus Clippers : RHP Randy Abdul-Quddus
Batting: LHB Roger Lenoir 0-0: Called Strike
0-1: Ball
1-1: Ball
2-1: Ground out U3 (Groundball, 34, EV 83.1 MPH)
Batting: LHB Danny King 0-0: Ball
1-0: Called Strike
1-1: Swinging Strike
1-2: Strikes out looking
Batting: RHB Kel Mearns 0-0: Ball
1-0: Ball
2-0: Called Strike
2-1: Called Strike
2-2: Fly out, F8 (Flyball, 8LD, EV 84.4 MPH)
Bottom of the 14th over - 0 runs, 0 hits, 0 errors, 0 left on base; Columbus 3 - Jacksonville 3
TOP OF THE 15TH
Columbus Clippers batting - Pitching for Jacksonville Jumbo Shrimp : RHP Ken Thomas
Batting: RHB Ken Ladd 0-0: Called Strike
0-1: Ground out 6-3 (Groundball, 6M, EV 85.0 MPH)
Batting: LHB Jerry Wilson 0-0: Ball
1-0: Called Strike
1-1: Ground out 4-3 (Groundball, P, EV 85.0 MPH)
Batting: LHB José Fontanez 0-0: Ball
1-0: Called Strike
1-1: Foul Ball, location: 3SF
1-2: Ball
2-2: Ball
3-2: Foul Ball, location: 5F
3-2: Foul Ball, location: 5F
3-2: Strikes out looking
Top of the 15th over - 0 runs, 0 hits, 0 errors, 0 left on base; Columbus 3 - Jacksonville 3
BOTTOM OF THE 15TH
Jacksonville Jumbo Shrimp batting - Pitching for Columbus Clippers : RHP Randy Abdul-Quddus
Batting: RHB Cristóbal Martínez 0-0: Ground out 1-3 (Groundball, 34S, EV 71.9 MPH)
Batting: RHB Sam Ellis 0-0: Called Strike
0-1: DOUBLE (Line Drive, 9LD, EV 110.6 MPH)
Pitching: RHP Kade Leslie
Batting: RHB Jim Unknown 0-0: Fly out, F7 (Flyball, 7D, EV 94.4 MPH)
Runner from 2nd tags up, SAFE at 3rd, no throw by LF
Batting: LHB Augusto García 0-0: Foul Ball, location: 2F
0-1: Ball
1-1: Swinging Strike
1-2: Ball
2-2: Ball
3-2: SINGLE (Groundball, 4M, EV 102.5 MPH) (infield hit)
Sam Ellis scores
Bottom of the 15th over - 1 run, 2 hits, 0 errors, 1 left on base; Columbus 3 - Jacksonville 4
Monday, April 1st , 2024 - OOTP Baseball 24.10 Build 82